AoeStats
← Caronte

Black Forest

506557475Analyzed
3v3 RM · 19d ago on Sep 14, 2026· 52m 17s· 6 players
Game mode
Random Map
Map size
Normal (6 player)
Population
200
Speed
Normal
Resources
Standard
Victory
Conquest
Starting age
Dark Age
Ending age
Imperial Age
RankedLock teamsTeams togetherTeam positionsShared explorationLock speedFull tech treeHidden civsTurbo modeCheats
Victory
Defeat
🇲🇽 Spanish · Mexico
935
+14
🇨🇴 Magyars · Colombia
925
+15
🇦🇷 Ethiopians · Argentina
882
+16
🇦🇷 Franks · Argentina
971
-18
🇦🇷 Persians · Argentina
861
-14
🇦🇷 Bohemians · Argentina
849
-13
Alexis angel666
0:42 Loom
17:15 Feudal Age
21:02 Castle Age
20:23 Double-Bit Axe
26:05 Horse Collar
27:02 Heavy Plow
28:45 Bow Saw
31:21 Wheelbarrow
33:26 Hand Cart
34:57 Gold Mining
34:58 Stone Mining
41:14 Imperial Age
40:58 Padded Archer Armor
40:49 Fletching
41:07 Town Watch
45:05 Chemistry
44:27 Ballistics
44:55 Town Patrol
46:07 Two-Man Saw
45:53 Bloodlines
45:43 Husbandry
45:05 Cavalier
45:54 Scale Barding Armor
46:00 Forging
47:36 Iron Casting
47:22 Chain Barding Armor
47:37 Bodkin Arrow
48:52 Plate Barding Armor
49:18 Blast Furnace
52:56 Stone Shaft Mining
51:50 Light Cavalry
MauH1710
0:29 Loom
11:54 Feudal Age
14:57 Scale Barding Armor
17:27 Bloodlines
22:57 Castle Age
23:28 Crossbowman
24:03 Fletching
25:35 Padded Archer Armor
31:06 Double-Bit Axe
31:06 Horse Collar
35:41 Elite Skirmisher
55:25 Imperial Age
Caronte
0:32 Loom
13:51 Feudal Age
15:16 Wheelbarrow
14:39 Double-Bit Axe
14:38 Horse Collar
22:21 Castle Age
20:48 Stone Mining
23:22 Hand Cart
24:33 Bow Saw
24:06 Man-at-Arms
24:56 Arson
25:01 Town Watch
26:08 Squires
26:45 Heavy Plow
27:25 Scale Mail Armor
30:09 Crossbowman
31:04 Gold Mining
34:29 Thumb Ring
35:25 Forging
35:16 Padded Archer Armor
35:06 Fletching
37:35 Chain Mail Armor
37:57 Iron Casting
43:06 Imperial Age
40:37 Town Patrol
40:32 Elite Skirmisher
43:19 Leather Archer Armor
42:59 Bodkin Arrow
44:13 Conscription
43:24 Arbalester
43:28 Halberdier
44:53 Elite Shotel Warrior
48:01 Chemistry
48:19 Ring Archer Armor
47:39 Heavy Scorpion
49:04 Fortified Wall
50:04 Heavy Camel Rider
50:45 Husbandry
51:06 Scale Barding Armor
52:26 Torsion Engines
[Vishero]-R1char
0:49 Loom
17:05 Feudal Age
17:04 Man-at-Arms
17:38 Double-Bit Axe
17:37 Horse Collar
24:20 Town Watch
25:11 Wheelbarrow
33:07 Castle Age
31:41 Scale Barding Armor
31:46 Forging
31:37 Scale Mail Armor
35:36 Bow Saw
37:39 Kamandaran
38:35 Iron Casting
40:06 Gold Mining
42:10 Squires
41:31 Pikeman
41:36 Crossbowman
42:36 Chain Mail Armor
44:22 Gold Shaft Mining
44:30 Stone Mining
49:18 Caravan
52:46 Parthian Tactics
[Vsh]-Tutta
6:42 Loom
16:29 Feudal Age
29:43 Castle Age
30:10 Pikeman
30:50 Squires
30:52 Scale Mail Armor
30:49 Elite Skirmisher
39:12 Imperial Age
45:55 Chemistry
44:36 Treadmill Crane
45:28 Masonry
45:14 Murder Holes
46:23 Caravan
47:33 Conscription
48:07 Ballistics
48:19 Architecture
49:01 Wagenburg Tactics
[Vsh]-WinZerdo
3:19 Loom
11:37 Feudal Age
16:42 Castle Age
15:22 Double-Bit Axe
23:21 Wheelbarrow
26:06 Scale Barding Armor
27:03 Forging
27:15 Husbandry
28:59 Hand Cart
37:30 Scale Mail Armor
40:39 Bow Saw
42:21 Chain Barding Armor
49:36 Imperial Age
47:54 Iron Casting
Connection lost

Rejoining the realm…

Still unreachable

The connection could not be restored.

Session expired

The server has moved on; the page needs a fresh start.